 Dungeon Crawl Stone Soup version 0.26.0-15-gc6cd9f700b (webtiles) character file.

Game seed: 14366817960646021010

359 oldmanjim the Protected (level 6, -1/44 HPs)
             Began as a Gnoll Wanderer on Jan 15, 2021.
             Slain by an adder (4 damage)
             ... on level 3 of the Dungeon on Jan 16, 2021.
             The game lasted 00:38:47 (4445 turns).

oldmanjim the Protected (Gnoll Wanderer)            Turns: 4445, Time: 00:38:48

Health: -1/44      AC:  0    Str: 14    XL:     6   Next: 65%
Magic:  9/9        EV: 11    Int: 18    God:
Gold:   200        SH: 10    Dex: 13    Spells: 9/9 levels left

rFire    . . .     SeeInvis .   a - +2 dagger
rCold    . . .     Faith    .   d - +0 buckler
rNeg     . . .     Spirit   .   y - +4 scale mail {rPois}
rPois    +         Reflect  +   (no helmet)
rElec    .         Harm     .   (no cloak)
rCorr    .         Rampage  .   (no gloves)
Will     .....                  (no boots)
Stlth    ++........             k - amulet of reflection
HPRegen  0.14/turn              g - ring of stealth
MPRegen  0.11/turn              (no ring)

@: corroded
A: distributed training, fangs 1, strong nose
a: no special abilities


You were on level 3 of the Dungeon.
You visited 1 branch of the dungeon, and saw 4 of its levels.

You collected 200 gold pieces.

Inventory:

Hand Weapons
 a - a +2 dagger (weapon)
 b - a +0 hunting sling
 t - a +0 war axe
Missiles
 n - 9 arrows
 o - 119 stones (quivered)
 u - 5 boomerangs
Armour
 d - a +0 buckler (worn)
 p - a +3 leather armour
 y - a +4 scale mail of poison resistance (worn)
Jewellery
 g - a ring of stealth (left hand)
 k - an amulet of reflection (around neck)
Scrolls
 h - 9 scrolls of identify {unknown}
 i - a scroll of remove curse {unknown}
 j - 2 scrolls of blinking {unknown}
 l - 3 scrolls of fear {unknown}
 m - 2 scrolls of noise {unknown}
 q - a scroll of teleportation {unknown}
 r - 2 scrolls of random uselessness {unknown}
 s - a scroll of amnesia {unknown}
 A - a scroll of fog {unknown}
 B - a scroll of enchant armour {unknown}
Potions
 c - 2 potions of lignification
 e - a potion of heal wounds {unknown}
 f - a potion of might
 v - 2 potions of curing {unknown}
 w - a potion of cancellation {unknown}
 x - 2 potions of degeneration {unknown}
 z - a potion of brilliance {unknown}


   Skills:
 + Level 2.0 Fighting
 + Level 2.0 Short Blades
 + Level 2.0 Long Blades
 + Level 2.0 Axes
 + Level 2.0 Maces & Flails
 + Level 2.0 Polearms
 + Level 2.0 Staves
 + Level 2.0 Slings
 + Level 2.0 Bows
 + Level 3.3 Crossbows
 + Level 2.0 Throwing
 + Level 8.8 Armour
 + Level 3.3 Dodging
 + Level 3.1 Stealth
 + Level 5.0 Shields
 + Level 3.3 Unarmed Combat
 + Level 2.0 Spellcasting
 + Level 1.6 Conjurations
 + Level 1.6 Hexes
 + Level 1.6 Summonings
 + Level 1.6 Necromancy
 + Level 1.6 Translocations
 + Level 1.6 Transmutations
 + Level 1.6 Fire Magic
 + Level 1.6 Ice Magic
 + Level 1.6 Air Magic
 + Level 1.6 Earth Magic
 + Level 1.6 Poison Magic
 + Level 2.2 Invocations
 + Level 2.0 Evocations


You had 9 spell levels left.
You didn't know any spells.
Your spell library was empty.

Dungeon Overview and Level Annotations

Branches:
Dungeon (4/15)
 Temple: D:4-7

Altars:
Kikubaaqudgha
Uskayaw
Xom

Annotations:
D:2 exclusion: downstairs


Innate Abilities, Weirdness & Mutations

Your experience applies equally to all skills.
You have very sharp teeth.
Your uncanny sense of smell can sniff out nearby items.


Message History

The jelly closely misses you.
Unknown command.
You hit the jelly. The acid corrodes you!
Your hands burn!
* * * LOW HITPOINT WARNING * * *
The jelly is almost dead.
You block the jelly's attack. You block the jelly's attack.
The adder hisses angrily.
There is an open door here.
There is an open door here.
There is an open door here.
The adder bites you.
* * * LOW HITPOINT WARNING * * *
There is a stone staircase leading up here.
The adder barely misses you.
You climb upwards.
There is a stone staircase leading down here.
You barely miss the adder. You bite the adder, but do no damage.
The adder bites you.
You die...

###.# #.#### #.######.#
#. ###########
#........###. #.........#
###........#. #.........#
#........#. #.........#
#........## #.........#
#........## #.........#
####..##### #.......@.##
#÷..####
#.......S..#######.#..##.
#...)..............##.##.
#.....†....#######.......
##########.#######.......
#......#.....###
######.....#.# #
#÷.#..##.###
###.#.....)...


You could see an adder.

Vanquished Creatures
  Sigmund (D:3)
  Jessica (D:3)
  Terence (D:3)
  An orc wizard (D:2)
  2 adders (D:3)
  2 worms (D:3)
  A dart slug (D:1)
  3 leopard geckos
  6 orcs
  A ball python (D:1)
  6 giant cockroaches
  10 hobgoblins
  11 jackals
  7 kobolds
  A quokka (D:4)
  11 bats
  5 frilled lizards
  8 goblins
  11 rats
89 creatures vanquished.

Notes
Turn   | Place    | Note
-------+----------+-------------------------------------------
     0 | D:1      | oldmanjim the Gnoll Wanderer began the quest for the Orb.
     0 | D:1      | oldmanjim set off with the following items: a +2 dagger, a
                  | potion of berserk rage, a potion of lignification, a +0
                  | buckler, a +0 robe
     0 | D:1      | Reached XP level 1. HP: 13/13 MP: 1/1
   321 | D:1      | Reached XP level 2. HP: 7/19 MP: 2/2
  1382 | D:1      | Reached XP level 3. HP: 24/25 MP: 3/3
  1968 | D:1      | Reached skill level 1 in Invocations
  2490 | D:2      | Found a shimmering altar of Xom.
  2562 | D:2      | Found a faded altar of an unknown god.
  2611 | D:2      | Reached skill level 1 in Fighting
  2611 | D:2      | Reached skill level 1 in Short Blades
  2611 | D:2      | Reached skill level 1 in Long Blades
  2611 | D:2      | Reached skill level 1 in Axes
  2611 | D:2      | Reached skill level 1 in Maces & Flails
  2611 | D:2      | Reached skill level 1 in Polearms
  2611 | D:2      | Reached skill level 1 in Staves
  2611 | D:2      | Reached skill level 1 in Slings
  2611 | D:2      | Reached skill level 1 in Bows
  2611 | D:2      | Reached skill level 1 in Throwing
  2611 | D:2      | Reached skill level 1 in Spellcasting
  2611 | D:2      | Reached skill level 1 in Evocations
  2810 | D:2      | Reached XP level 4. HP: 32/32 MP: 5/5
  3071 | D:3      | Noticed Sigmund
  3245 | D:2      | Reached skill level 1 in Conjurations
  3245 | D:2      | Reached skill level 1 in Hexes
  3245 | D:2      | Reached skill level 1 in Summonings
  3245 | D:2      | Reached skill level 1 in Necromancy
  3245 | D:2      | Reached skill level 1 in Translocations
  3245 | D:2      | Reached skill level 1 in Transmutations
  3245 | D:2      | Reached skill level 1 in Fire Magic
  3245 | D:2      | Reached skill level 1 in Ice Magic
  3245 | D:2      | Reached skill level 1 in Air Magic
  3245 | D:2      | Reached skill level 1 in Earth Magic
  3245 | D:2      | Reached skill level 1 in Poison Magic
  3437 | D:3      | Noticed Jessica
  3613 | D:3      | Reached XP level 5. HP: 37/37 MP: 6/6
  3693 | D:3      | Found a hide-covered altar of Uskayaw.
  3831 | D:3      | Found an ancient bone altar of Kikubaaqudgha.
  3926 | D:3      | Noticed Terence
  3980 | D:3      | Killed Terence
  3987 | D:3      | Killed Sigmund
  3988 | D:3      | Reached skill level 5 in Shields
  3988 | D:3      | Reached XP level 6. HP: 44/44 MP: 7/9
  3990 | D:3      | Killed Jessica
  4440 | D:4      | HP: 2/44 [adder (5)]
  4445 | D:3      | Slain by an adder

Illustrated notes

Levels and vault maps discovered:
D:1:      dpeg_arrival_concentric_ovals, layout_basic, minmay_misc_feat_five,
          chequers_serial_rivers_micro_c
D:2:      layout_basic, overflow_temple_1_default,
          chequers_ecumenical_altar_lobes
D:3:      layout_rooms, lemuel_coloured_pillars_altar,
          eat_drink_and_be_merry_uskayaw, uniq_jessica, uniq_sigmund,
          uniq_terence
D:4:      layout_gridville, grunt_temple_overflow_opulence,
          nicolae_overflow_hidden_temple, lightli_sewer_entry_pipes

Skill      XL: |  1  2  3  4  5 |
---------------+----------------+-----
Invocations    | 1 2 |  2.2
Fighting       | 1 2 |  2.0
Short Blades   | 1 2 |  2.0
Long Blades    | 1 2 |  2.0
Axes           | 1 2 |  2.0
Maces & Flails | 1 2 |  2.0
Polearms       | 1 2 |  2.0
Staves         | 1 2 |  2.0
Slings         | 1 2 |  2.0
Bows           | 1 2 |  2.0
Throwing       | 1 2 |  2.0
Spellcasting   | 1 2 |  2.0
Evocations     | 1 2 |  2.0
Conjurations   | 1 |  1.6
Hexes          | 1 |  1.6
Summonings     | 1 |  1.6
Necromancy     | 1 |  1.6
Translocations | 1 |  1.6
Transmutations | 1 |  1.6
Fire Magic     | 1 |  1.6
Ice Magic      | 1 |  1.6
Air Magic      | 1 |  1.6
Earth Magic    | 1 |  1.6
Poison Magic   | 1 |  1.6
Crossbows      | 3 |  3.3
Dodging        | 3 |  3.3
Unarmed Combat | 3 |  3.3
Stealth        | 3 |  3.1
Shields        | 5 |  5.0
Armour         | |  8.8

Action                   |  1- 3 |  4- 6 || total
-------------------------+-------+-------++-------
Melee: Dagger            |   179 |   201 ||   380
       Bite              |     9 |    22 ||    31
 Fire: Hunting sling     |       |    29 ||    29
Throw: Stone             |     1 |       ||     1
  Use: Potion            |       |     1 ||     1
 Stab: Sleeping          |     5 |     5 ||    10
Armor: Robe              |    27 |       ||    27
       Leather armour    |    11 |    36 ||    47
       Scale mail        |       |     4 ||     4
Dodge: Dodged            |   106 |    73 ||   179
Block: Buckler           |    54 |    96 ||   150
       Reflection        |       |     4 ||     4
